[Event "Titled Tuesday Blitz February 14 Late 2023"]
[White "Solon, Nathan"]
[Black "benny_aizenberg"]
[WhiteFideId "2017229"]
[WhiteElo "2306"]
[BlackElo "2558"]
[Result "1-0"]
[Round "06"]
[TimeControl "180+2"]
[Date "2023.02.14"]
[WhiteClock "0:00:33"]
[BlackClock "0:00:10"]

1. Nf3 d5 2. g3 c5 3. Bg2 Nc6 4. d4 cxd4 5. Nxd4 e6 6. O-O Bc5 7. Nxc6 bxc6 8. c4 Ne7 9. Nc3 O-O 10. b3 a5 11. Qc2 Ba6 12. Rd1 Ba7 13. Ba3 Re8 14. e4 d4 15. e5 Qc7 16. Bd6 Qb7 17. Ne4 Rad8 18. Ng5 Ng6 19. h4 f6 20. Nxh7 d3 21. Qxd3 Nxe5 22. Qe4 Nf7 23. Nxf6+ gxf6 24. Qg6+ Kh8 25. Qxf6+ Kg8 26. Qg6+ Kh8 27. Qf6+ Kg8 28. Bf4 Nh8 29. Be5 Qh7 30. Rxd8 Rxd8 31. Qxd8+ Kf7 32. Qxh8 Qc2 33. Qg7+ Ke8 34. Bxc6+ 1-0


[Site "https://www.chess.com"]

[Event "Titled Tuesday Blitz February 14 Late 2023"]
[White "Alex_Sahakyan2006"]
[Black "Strahov, Andrej"]
[BlackFideId "4165489"]
[WhiteElo "2696"]
[BlackElo "2398"]
[Result "1-0"]
[Round "06"]
[TimeControl "180+2"]
[Date "2023.02.14"]
[WhiteClock "0:00:10"]
[BlackClock "0:00:33"]

1. e4 e5 2. Nf3 Nc6 3. Bc4 Bc5 4. c3 Nf6 5. d3 a5 6. h3 Ba7 7. Nbd2 O-O 8. Nf1 d5 9. exd5 Nxd5 10. Ng3 f6 11. O-O Be6 12. Nh4 Nce7 13. d4 exd4 14. Re1 Bf7 15. cxd4 Nb4 16. Bxf7+ Rxf7 17. Nhf5 Nxf5 18. Nxf5 Qd7 19. a3 Qxf5 20. axb4 Bb6 21. bxa5 Rd7 22. Qe2 Bxd4 23. Ra4 Rad8 24. a6 bxa6 25. Rxa6 Be5 26. Be3 h6 27. Raa1 Rd3 28. Rab1 Rb3 29. Qc4+ Kh8 30. Qxb3 1-0


[Site "https://www.chess.com"]

[Event "Titled Tuesday Blitz February 14 Late 2023"]
[White "Defend, Balint"]
[Black "Korchmar, Vasiliy"]
[WhiteFideId "17004853"]
[BlackFideId "24131750"]
[WhiteElo "1673"]
[BlackElo "2438"]
[Result "0-1"]
[Round "06"]
[TimeControl "180+2"]
[Date "2023.02.14"]
[WhiteClock "0:00:01"]
[BlackClock "0:00:10"]

1. e4 c5 2. Nf3 d6 3. Bb5+ Nd7 4. Ba4 Nf6 5. O-O Nxe4 6. Re1 Nf6 7. d4 e6 8. d5 e5 9. Nxe5 Be7 10. Nf3 O-O 11. Bxd7 Bxd7 12. h3 Bf5 13. c4 Ne4 14. Nbd2 Nxd2 15. Bxd2 Bf6 16. Qc1 a6 17. a4 b5 18. Bc3 bxc4 19. Bxf6 Qxf6 20. Nd2 Bd3 21. Nxc4 Bxc4 22. Qxc4 Qxb2 23. Rab1 Qf6 24. Rb6 a5 25. Reb1 Rfe8 26. Qb5 h5 27. Qc6 Rad8 28. Qb5 Re5 29. Qxa5 Rxd5 30. Rb7 h4 31. Qb5 Rg5 32. Qc6 Rf5 33. Qe4 Rf4 34. Qd3 Rxa4 35. Rb8 Ra8 36. Rxa8 Rxa8 37. Qe4 Rd8 38. Rd1 g6 39. Rd5 Kg7 40. Qd3 Re8 41. g3 hxg3 42. Qxg3 Re6 43. Qd3 Re1+ 44. Kg2 Re6 45. Qg3 c4 46. Qa3 c3 47. Qb3 Re2 0-1


[Site "https://www.chess.com"]

[Event "Titled Tuesday Blitz February 14 Late 2023"]
[White "Manukyan, Artyom"]
[Black "Boyer, Mahel"]
[WhiteFideId "13305786"]
[BlackFideId "45102422"]
[WhiteElo "2110"]
[BlackElo "2489"]
[Result "0-1"]
[Round "06"]
[TimeControl "180+2"]
[Date "2023.02.14"]
[WhiteClock "0:00:11"]
[BlackClock "0:02:16"]

1. e4 Nc6 2. Nf3 d5 3. exd5 Qxd5 4. Nc3 Qh5 5. Be2 Bg4 6. h3 O-O-O 7. O-O Bxh3 8. gxh3 Qxh3 9. Nh2 e6 10. d3 Nf6 11. Bf4 g5 12. Bg3 h5 13. Nb5 a6 14. Bxc7 axb5 15. Bxd8 Ng4 16. Nf3 Nd4 0-1


[Site "https://www.chess.com"]

[Event "Titled Tuesday Blitz February 14 Late 2023"]
[White "Firat, Burak"]
[Black "Kavutskiy, Konstantin"]
[WhiteFideId "6305881"]
[BlackFideId "2026384"]
[WhiteElo "2456"]
[BlackElo "2414"]
[Result "1/2-1/2"]
[Round "06"]
[TimeControl "180+2"]
[Date "2023.02.14"]
[WhiteClock "0:01:30"]
[BlackClock "0:00:47"]

1. Nf3 Nf6 2. c4 g6 3. g3 Bg7 4. Bg2 O-O 5. O-O d6 6. Nc3 Nc6 7. d3 e5 8. Rb1 a5 9. a3 Re8 10. Bg5 h6 11. Bxf6 Bxf6 12. b4 axb4 13. axb4 Bg7 14. b5 Ne7 15. Nd2 c6 16. Qb3 Be6 17. bxc6 bxc6 18. Qb6 Qxb6 19. Rxb6 d5 20. cxd5 cxd5 21. Nb5 Reb8 22. Rxb8+ Rxb8 23. Nc7 Rb2 24. Rd1 Kf8 25. Nxe6+ fxe6 26. Kf1 Nc6 27. e3 Ke7 28. Nf3 Bf6 29. h4 Kd6 30. Ra1 Rb3 31. Ne1 e4 32. Rd1 exd3 33. Nxd3 Nb4 34. Nf4 g5 35. Nh5 Be5 36. hxg5 hxg5 37. Bf3 Ra3 38. Kg2 Ra1 39. Kh3 Ra2 40. Kg2 Ra1 41. Rxa1 Bxa1 42. Kh3 Nd3 43. Kg4 Nxf2+ 44. Kxg5 e5 45. Ng7 e4 46. Nf5+ Ke5 47. Bg2 d4 48. exd4+ Bxd4 49. Nxd4 Kxd4 50. g4 Nxg4 51. Kxg4 e3 52. Bf3 Kd3 53. Kf4 e2 54. Bxe2+ 1/2-1/2


[Site "https://www.chess.com"]

[Event "Titled Tuesday Blitz February 14 Late 2023"]
[White "Bujisho, Benjamin"]
[Black "Erdogan, Anil Berk"]
[WhiteFideId "608610"]
[BlackFideId "6348173"]
[WhiteElo "2338"]
[BlackElo "2091"]
[Result "0-1"]
[Round "06"]
[TimeControl "180+2"]
[Date "2023.02.14"]
[WhiteClock "0:00:08"]
[BlackClock "0:00:07"]

1. d4 Nf6 2. c4 c5 3. d5 e6 4. Nf3 exd5 5. cxd5 d6 6. e4 a6 7. Bd3 g6 8. O-O Bg7 9. Re1 O-O 10. h3 b5 11. Bc2 Nbd7 12. a4 Bb7 13. axb5 axb5 14. Rxa8 Qxa8 15. Bf4 Ne8 16. Nc3 Qa5 17. e5 dxe5 18. Nxe5 Nxe5 19. Bxe5 Bxe5 20. Rxe5 Nd6 21. Ne4 Qc7 22. Qf3 Nxe4 23. Qxe4 Qd6 24. h4 Rd8 25. h5 Bxd5 26. Qf4 Be6 27. Qf6 Qf8 28. h6 Rd6 29. Qf4 Qd8 30. f3 Rd5 31. Rxd5 Bxd5 32. Qe5 Be6 33. Be4 Qd4+ 34. Qxd4 cxd4 35. b4 Kf8 36. Kf2 Bc4 37. Ke1 Ke7 38. Kd2 Kd6 39. f4 f5 40. Bb1 Ke6 41. g3 Kf6 42. Bc2 g5 43. Bd1 Kg6 44. g4 gxf4 45. gxf5+ Kxf5 46. Bc2+ Kg5 47. Bxh7 Kxh6 48. Be4 Kg5 0-1


[Site "https://www.chess.com"]

[Event "Titled Tuesday Blitz February 14 Late 2023"]
[White "Jovic, Stanoje"]
[Black "Gascon Del Nogal, Jose Rafael"]
[WhiteFideId "905020"]
[BlackFideId "3902463"]
[WhiteElo "2075"]
[BlackElo "2459"]
[Result "1-0"]
[Round "06"]
[TimeControl "180+2"]
[Date "2023.02.14"]
[WhiteClock "0:01:00"]
[BlackClock "0:00:20"]

1. c4 e5 2. g3 Nc6 3. Bg2 Bc5 4. Nc3 a6 5. Nf3 d6 6. e3 Ba7 7. d4 Bg4 8. h3 Bxf3 9. Bxf3 exd4 10. exd4 Nge7 11. g4 Nxd4 12. Bxb7 O-O 13. Be3 Re8 14. O-O Nec6 15. Bxc6 Nxc6 16. Bxa7 Rxa7 17. Nd5 Ne5 18. b3 c6 19. Ne3 Qh4 20. Kh2 Rae7 21. Nf5 Qf6 22. Nxe7+ Rxe7 23. f4 Ng6 24. Qf3 Qb2+ 25. Kh1 Re2 26. Rae1 Rh2+ 27. Kg1 h5 28. Rf2 Rxf2 29. Qxf2 Qc3 30. gxh5 Nf8 31. Re3 Qa1+ 32. Kh2 Qf6 33. Re8 Qf5 34. h6 gxh6 35. Qg3+ 1-0


[Site "https://www.chess.com"]

[Event "Titled Tuesday Blitz February 14 Late 2023"]
[White "Le Goff, Ronan"]
[Black "Sanchez, Sebastian Felipe"]
[WhiteFideId "612073"]
[BlackFideId "4403304"]
[WhiteElo "2320"]
[BlackElo "2427"]
[Result "0-1"]
[Round "06"]
[TimeControl "180+2"]
[Date "2023.02.14"]
[WhiteClock "0:02:23"]
[BlackClock "0:02:42"]

1. d4 Nf6 2. Nf3 d5 3. Bf4 c5 4. e3 Nc6 5. Nc3 Bg4 6. Bb5 e6 7. h3 Bxf3 8. Qxf3 cxd4 9. exd4 Rc8 10. O-O-O a6 11. Be2 Qa5 12. Bd2 Nxd4 13. Qe3 Nxe2+ 14. Qxe2 Bb4 15. Kb1 O-O 0-1


[Site "https://www.chess.com"]

[Event "Titled Tuesday Blitz February 14 Late 2023"]
[White "Cruz, Jonathan"]
[Black "reevecanada"]
[WhiteFideId "3802124"]
[WhiteElo "2328"]
[BlackElo "2466"]
[Result "1-0"]
[Round "06"]
[TimeControl "180+2"]
[Date "2023.02.14"]
[WhiteClock "0:00:31"]
[BlackClock "0:00:49"]

1. e4 c5 2. f4 d5 3. exd5 Qxd5 4. Nc3 Qd8 5. Nf3 e6 6. g3 Nf6 7. Bg2 Be7 8. O-O O-O 9. d3 Nc6 10. b3 a6 11. Bb2 Qc7 12. Ne4 Nd5 13. Qd2 b5 14. Rae1 Bb7 15. h3 Rad8 16. Kh2 c4 17. dxc4 Bb4 18. Qc1 Bxe1 19. cxd5 exd5 20. Nf6+ gxf6 21. Bxf6 Rd6 22. f5 Rxf6 23. Qg5+ Rg6 24. fxg6 fxg6 25. Rxe1 Qf7 26. Ne5 Nxe5 27. Rxe5 d4 28. Re7 Bxg2 29. Rxf7 Rxf7 30. Kxg2 Rd7 31. Qf6 Rc7 32. Qd8+ 1-0


[Site "https://www.chess.com"]

[Event "Titled Tuesday Blitz February 14 Late 2023"]
[White "Rangel, Daniel"]
[Black "Melikyan, Gnel"]
[WhiteFideId "2124475"]
[BlackFideId "54109990"]
[WhiteElo "2207"]
[BlackElo "2238"]
[Result "0-1"]
[Round "06"]
[TimeControl "180+2"]
[Date "2023.02.14"]
[WhiteClock "0:00:03"]
[BlackClock "0:00:11"]

1. c4 Nf6 2. g3 h5 3. Bg2 h4 4. Nc3 d6 5. d4 Nc6 6. Bg5 h3 7. Bf3 e5 8. Bxc6+ bxc6 9. dxe5 dxe5 10. Qxd8+ Kxd8 11. Bxf6+ gxf6 12. O-O-O+ Ke8 13. Nf3 Be6 14. b3 Ba3+ 15. Kc2 Bf5+ 16. e4 Bg4 17. Rd3 Rd8 18. Rxd8+ Kxd8 19. Nh4 Bc5 20. f3 Be6 21. Rd1+ Ke7 22. Nf5+ Bxf5 23. exf5 Bd4 24. Ne4 a5 25. a4 Rh5 26. g4 Rh8 27. Rf1 Be3 28. Rd1 Bf4 29. Rh1 Rd8 30. Rd1 Rg8 31. Rh1 Rb8 32. Nf2 Be3 33. Ne4 Bf4 34. Nf2 Rd8 35. Rd1 Rh8 36. Rh1 Kf8 37. Ne4 Kg7 38. Nf2 Bg5 39. Ne4 Be3 40. Rd1 Bd4 41. Rd2 Rh4 42. Kd3 Rh6 43. Ke2 Rh8 44. Kd3 Bg1 45. Kc2 Re8 46. Nf2 Bxf2 47. Rxf2 e4 48. Re2 exf3 49. Rf2 Re3 50. Rf1 Kh6 51. Rf2 Kg5 52. Rd2 Kxg4 0-1


[Site "https://www.chess.com"]

[Event "Titled Tuesday Blitz February 14 Late 2023"]
[White "Han, Yichen"]
[Black "Drnovsek, Gal"]
[WhiteFideId "1054430"]
[BlackFideId "14607077"]
[WhiteElo "2413"]
[BlackElo "2397"]
[Result "1-0"]
[Round "06"]
[TimeControl "180+2"]
[Date "2023.02.14"]
[WhiteClock "0:00:07"]
[BlackClock "0:00:10"]

1. e4 e5 2. Nf3 Nc6 3. Bc4 Nf6 4. O-O Bc5 5. d4 Bxd4 6. Nxd4 Nxd4 7. Bg5 d6 8. f4 Qe7 9. Na3 Bd7 10. c3 Ne6 11. fxe5 Nxg5 12. exf6 gxf6 13. Qd4 Rg8 14. Qxf6 Qxf6 15. Rxf6 Ke7 16. Raf1 Rg6 17. Rxg6 hxg6 18. h4 Ne6 19. Nc2 Rh8 20. g3 Be8 21. Ne3 c6 22. Kg2 Nc5 23. Rf4 Rh5 24. Ng4 Nd7 25. Be2 Ra5 26. a3 Rc5 27. Ne3 Ne5 28. g4 a5 29. h5 Kf8 30. Rf6 Ke7 31. Rf1 Kf8 32. hxg6 Nxg6 33. Nf5 d5 34. Bd3 dxe4 35. Bxe4 Re5 36. Nd6 Re6 37. Nxe8 Rxe4 38. Nf6 Re2+ 39. Rf2 Nf4+ 40. Kf3 Rxf2+ 41. Kxf2 Nd3+ 42. Ke2 Nxb2 43. Nd7+ Ke7 44. Nc5 b6 45. Ne4 Nc4 46. a4 Nb2 47. Kd2 Nxa4 48. Kc2 Nc5 49. Nd2 a4 50. Nc4 b5 51. Ne5 Kd6 52. Nxf7+ Kd5 53. g5 Ne6 54. g6 c5 55. Nh6 b4 56. cxb4 cxb4 57. Nf5 Kc4 58. Kb2 b3 59. Ne3+ Kb4 60. Nd5+ Kc4 61. Nb6+ Kb4 62. Nd5+ Kb5 63. Nc7+ Ka5 64. Nxe6 Kb4 65. Nd4 a3+ 66. Kb1 b2 67. g7 Kc3 68. g8=Q Kxd4 69. Qa2 1-0


[Site "https://www.chess.com"]

[Event "Titled Tuesday Blitz February 14 Late 2023"]
[White "Fiorito, Joaquin"]
[Black "Dzida, Kamil"]
[WhiteFideId "180173"]
[BlackFideId "21828652"]
[WhiteElo "2405"]
[BlackElo "2352"]
[Result "1-0"]
[Round "06"]
[TimeControl "180+2"]
[Date "2023.02.14"]
[WhiteClock "0:00:18"]
[BlackClock "0:00:07"]

1. d4 Nf6 2. Nc3 d5 3. Bf4 e6 4. Nb5 Na6 5. e3 c6 6. Nc3 Be7 7. Bxa6 bxa6 8. Nf3 O-O 9. Ne5 Bb7 10. O-O c5 11. Na4 c4 12. b3 Qa5 13. h3 Rfc8 14. f3 Bc6 15. Nxc6 Rxc6 16. c3 cxb3 17. axb3 Qb5 18. Bg5 h6 19. Bxf6 Bxf6 20. Nc5 Be7 21. b4 Bxc5 22. bxc5 e5 23. Rb1 Qc4 24. Qc2 exd4 25. exd4 Re8 26. Rb4 Qe2 27. Qxe2 Rxe2 28. Rf2 Re1+ 29. Kh2 Rc1 30. Rb3 Kf8 31. Ra2 Ke7 32. Raa3 Kd7 33. Rb7+ Rc7 34. Rb8 Rc6 35. Rf8 Ke7 36. Ra8 Rc2 37. Rxa7+ Ke8 38. Ra8+ Kd7 39. Ra7+ Ke8 40. R7xa6 Rxa6 41. Rxa6 Rxc3 42. Rd6 Ke7 43. Rxd5 Rc2 44. Rd6 f5 45. Kg3 g5 46. h4 f4+ 47. Kh3 Rd2 48. Rxh6 Rxd4 49. hxg5 Rd5 50. g6 Rxc5 51. Kg4 Kf6 52. Kxf4 Rc4+ 53. Kg3 Kg5 54. Rh8 Kxg6 55. Rd8 Rc7 56. f4 Rc3+ 57. Kg4 Rc5 58. Rd6+ Kf7 59. g3 Rc2 60. Kg5 Rc3 61. g4 Rc5+ 62. f5 Rc4 63. Rd7+ Kf8 64. Ra7 Rb4 65. f6 Rb1 66. Kg6 Rb8 67. Rh7 Rb5 68. Rh8# 1-0


[Site "https://www.chess.com"]

[Event "Titled Tuesday Blitz February 14 Late 2023"]
[White "Gubajdullin, Alexei"]
[Black "Lopez Idarraga, Daniel Eduardo"]
[WhiteFideId "4141202"]
[BlackFideId "4405501"]
[WhiteElo "2285"]
[BlackElo "2009"]
[Result "0-1"]
[Round "06"]
[TimeControl "180+2"]
[Date "2023.02.14"]
[WhiteClock "0:00:10"]
[BlackClock "0:00:10"]

1. d4 Nf6 2. Nf3 e6 3. Bf4 d5 4. e3 Bd6 5. Ne5 O-O 6. Nd2 b6 7. c3 Ba6 8. Bxa6 Nxa6 9. O-O Nb8 10. Qa4 Bxe5 11. Bxe5 Nbd7 12. Bg3 c5 13. Rfd1 c4 14. b3 cxb3 15. axb3 Nh5 16. Bd6 Re8 17. c4 dxc4 18. bxc4 Nf8 19. c5 bxc5 20. dxc5 Nf6 21. Ne4 Nd5 22. Rac1 a5 23. c6 f5 24. c7 Qd7 25. Qxd7 Nxd7 26. Nc3 N7f6 27. Nb5 Rec8 28. Be5 a4 29. Nd6 Rxc7 30. Rxc7 Nxc7 31. Nxf5 exf5 32. Bxc7 a3 33. Ra1 a2 34. h3 Rc8 35. Be5 Rc2 36. Bxf6 gxf6 37. g3 Kf7 38. Kg2 Ke6 39. Kf3 Kd5 40. g4 fxg4+ 41. hxg4 Ke5 42. Rh1 Rb2 43. Rh5+ Kd6 44. Ra5 Kc6 45. Kg3 Kb6 46. Ra3 Kb5 47. f3 Kb4 48. Ra7 Kc3 49. Kf4 Rb4+ 50. Kf5 Kb3 51. Rxa2 Kxa2 52. Kxf6 Kb3 53. f4 Kc4 54. Ke5 Kd3 55. f5 Rxg4 56. f6 Kxe3 57. Kf5 Rf4+ 58. Kg5 Ke4 59. Kh6 Rxf6+ 60. Kxh7 Kf5 61. Kg7 Kg5 62. Kh7 Rf7+ 63. Kg8 Kg6 64. Kh8 Rf8# 0-1


[Site "https://www.chess.com"]

[Event "Titled Tuesday Blitz February 14 Late 2023"]
[White "Kalogeris, Ioannis"]
[Black "Kielinkei"]
[WhiteFideId "4239563"]
[WhiteElo "2423"]
[BlackElo "2399"]
[Result "1-0"]
[Round "06"]
[TimeControl "180+2"]
[Date "2023.02.14"]
[WhiteClock "0:00:10"]
[BlackClock "0:00:07"]

1. e4 c5 2. Nf3 e6 3. Nc3 Nc6 4. Bb5 Nd4 5. O-O a6 6. Be2 d6 7. b3 Nf6 8. Bb2 Be7 9. Re1 Nxe2+ 10. Qxe2 O-O 11. a4 b6 12. d3 Bb7 13. Nd1 Nd7 14. Ne3 Bf6 15. c4 Bxb2 16. Qxb2 Qf6 17. Qd2 Ne5 18. Nxe5 Qxe5 19. Ng4 Qh5 20. Qf4 e5 21. Qg3 f5 22. exf5 Rxf5 23. f3 Raf8 24. Rf1 Qg5 25. Nf2 Qf6 26. Ne4 Qe7 27. a5 bxa5 28. Rxa5 Qc7 29. Raa1 Bc8 30. h3 Rf4 31. Kh1 h5 32. Qe1 h4 33. Qa5 Qc6 34. Qa4 Qc7 35. Qa5 Qc6 36. b4 cxb4 37. Qxb4 d5 38. cxd5 Qxd5 39. Qc3 Bxh3 40. gxh3 Rxf3 41. Rxf3 Rxf3 42. Qc8+ Kh7 43. Qg4 Rxd3 44. Qh5+ Kg8 45. Qe8+ Kh7 46. Qh5+ Kg8 47. Qf5 Rxh3+ 48. Qxh3 Qd4 49. Qe6+ Kh8 50. Qe8+ Kh7 51. Qh5+ Kg8 52. Re1 Qd3 53. Qe8+ Kh7 54. Qh5+ Kg8 55. Qg4 Kh8 56. Rg1 g5 57. Qh5+ Kg8 58. Qxg5+ Kf8 59. Qf6+ Ke8 60. Rg8+ Kd7 61. Rd8+ Kc7 62. Rxd3 a5 63. Qd6+ Kb7 64. Rb3+ Ka7 65. Qb8+ Ka6 66. Qb6# 1-0


[Site "https://www.chess.com"]

[Event "Titled Tuesday Blitz February 14 Late 2023"]
[White "Janaszak, Dawid"]
[Black "Nunez V, Gustavo Eduardo"]
[WhiteFideId "1119206"]
[BlackFideId "4403690"]
[WhiteElo "2316"]
[BlackElo "2212"]
[Result "0-1"]
[Round "06"]
[TimeControl "180+2"]
[Date "2023.02.14"]
[WhiteClock "0:00:05"]
[BlackClock "0:00:13"]

1. d4 Nf6 2. Nc3 g6 3. e4 d6 4. Bf4 Bg7 5. Qd2 O-O 6. Bh6 e5 7. Nge2 exd4 8. Nxd4 Re8 9. O-O-O Bxh6 10. Qxh6 Nxe4 11. Nxe4 Rxe4 12. h4 Qf6 13. Nb5 Na6 14. f3 Qf4+ 15. Qxf4 Rxf4 16. Nc3 Be6 17. Bxa6 bxa6 18. b3 Rb8 19. Ne2 Rfb4 20. Nd4 Bd7 21. h5 a5 22. a4 c5 23. Ne2 c4 24. Rxd6 Bxa4 25. Rhd1 cxb3 26. Rd8+ Rxd8 27. Rxd8+ Kg7 28. cxb3 Bxb3 29. hxg6 hxg6 30. Rd7 a6 31. Kd2 a4 32. Ra7 Rb6 33. Rc7 a3 34. Rc5 a2 35. Ra5 Bc4 36. Nc3 Rb2+ 37. Ke3 Rxg2 38. Kd4 Be6 39. Rxa6 Rd2+ 40. Ke3 Rc2 41. Kd4 g5 42. Ra5 Kg6 43. Ra6 Kg7 44. Ra4 Rc1 45. Nxa2 Ra1 46. Nc3 Rf1 47. Ke3 Kg6 48. Ra6 Re1+ 49. Kd2 Rh1 50. Ke3 Rh3 51. Kf2 g4 52. Ne4 Rxf3+ 53. Ke2 Rf4 54. Nc5 Kf6 55. Nd7+ Ke7 56. Nc5 Bc4+ 57. Ke3 Rf3+ 58. Ke4 Bxa6 0-1


[Site "https://www.chess.com"]

[Event "Titled Tuesday Blitz February 14 Late 2023"]
[White "Vlassov, Nikolai"]
[Black "Fajdetic, Hrvoje"]
[WhiteFideId "4103360"]
[BlackFideId "14501945"]
[WhiteElo "2283"]
[BlackElo "2151"]
[Result "1-0"]
[Round "06"]
[TimeControl "180+2"]
[Date "2023.02.14"]
[WhiteClock "0:00:41"]
[BlackClock "0:00:03"]

1. e4 e6 2. d4 d5 3. exd5 exd5 4. Nf3 Bd6 5. c4 c6 6. Bd3 Ne7 7. O-O O-O 8. Nc3 dxc4 9. Bxc4 Bg4 10. h3 Bh5 11. g4 Bg6 12. Ne5 Nd7 13. f4 Nxe5 14. dxe5 Bc5+ 15. Kh2 h5 16. f5 Bh7 17. Bg5 Qc7 18. Qe2 b5 19. Bb3 b4 20. Na4 Bd4 21. Rae1 c5 22. Bf4 Qc6 23. Qe4 Qxe4 24. Rxe4 Kh8 25. Kg3 Rad8 26. Bg5 f6 27. exf6 gxf6 28. Bh6 Be5+ 29. Kh4 Rg8 30. Nxc5 Rd4 31. Bxg8 Kxg8 32. Be3 Rxe4 33. Nxe4 hxg4 34. hxg4 Nd5 35. Bxa7 1-0


[Site "https://www.chess.com"]

[Event "Titled Tuesday Blitz February 14 Late 2023"]
[White "Alvarez Calzadilla, Jose Avelino"]
[Black "Gonzalez, Francisco Silva"]
[WhiteFideId "3526151"]
[BlackFideId "1512285"]
[WhiteElo "2386"]
[BlackElo "2021"]
[Result "1-0"]
[Round "06"]
[TimeControl "180+2"]
[Date "2023.02.14"]
[WhiteClock "0:00:15"]
[BlackClock "0:00:02"]

1. e4 e5 2. Nf3 Nc6 3. Bb5 a6 4. Ba4 Nf6 5. O-O b5 6. Bb3 Bc5 7. a4 Bb7 8. d3 d6 9. Be3 O-O 10. Nc3 Bxe3 11. fxe3 Na5 12. Ba2 b4 13. Ne2 c5 14. Ng3 Bc8 15. h3 Be6 16. Nh2 g6 17. Bxe6 fxe6 18. Ng4 Kg7 19. Qe2 Qe7 20. Rf2 Nxg4 21. Qxg4 Rxf2 22. Kxf2 Rf8+ 23. Kg1 Nc6 24. Rf1 Rxf1+ 25. Kxf1 Kg8 26. Kg1 Kf8 27. h4 Qf6 28. h5 Kf7 29. hxg6+ hxg6 30. Qh3 Ne7 31. Nf1 Kg7 32. Nd2 d5 33. exd5 exd5 34. Qd7 Kh6 35. Qd8 Kg7 36. a5 Qg5 37. Kf2 Qh4+ 38. Ke2 Qg5 39. g3 Kf7 40. Kf2 Qf5+ 41. Kg2 g5 42. Qd6 c4 43. Qxa6 g4 44. Qb5 Qg5 45. Nf1 Qf5 46. Nd2 Qg5 47. Qc5 d4 48. Qxc4+ Kf8 49. Nf1 Qf5 50. exd4 Qf3+ 51. Kg1 e4 52. dxe4 Qxe4 53. a6 Nf5 54. a7 Kg7 55. Qc7+ Kg6 56. Qf4 Qb7 57. Qxg4+ Kf6 58. Qf4 Kg6 59. Qb8 Qd5 60. a8=Q Qxd4+ 61. Kg2 Qxb2 62. Qg8+ Ng7 63. Qc6+ Kf5 64. Qgd5+ Qe5 65. Qxe5+ Kxe5 66. Qb5+ Kf6 67. Qxb4 Ne6 68. Ne3 Nf4+ 69. Qxf4+ Ke6 70. Qe4+ Kf6 71. Nd1 Kg5 72. Qf4+ Kh5 73. Kf3 1-0


[Site "https://www.chess.com"]

[Event "Titled Tuesday Blitz February 14 Late 2023"]
[White "Saveliev, Alexei"]
[Black "Rios Escobar, Adan"]
[WhiteFideId "24128546"]
[BlackFideId "3403645"]
[WhiteElo "2385"]
[BlackElo "2234"]
[Result "1-0"]
[Round "06"]
[TimeControl "180+2"]
[Date "2023.02.14"]
[WhiteClock "0:00:53"]
[BlackClock "0:00:02"]

1. c4 Nf6 2. Nc3 g6 3. e4 d6 4. d4 Bg7 5. f4 O-O 6. Nf3 c5 7. d5 e6 8. Be2 exd5 9. cxd5 Re8 10. e5 dxe5 11. fxe5 Ng4 12. Bg5 Qb6 13. O-O c4+ 14. Kh1 Nf2+ 15. Rxf2 Qxf2 16. Ne4 Qb6 17. Nd6 Rf8 18. Be7 Nd7 19. Nxc4 Qf2 20. b4 Re8 21. Bh4 Qxh4 22. Nxh4 Nxe5 23. Nd6 Rd8 24. Nxc8 Raxc8 25. Rc1 Rxc1 26. Qxc1 Rxd5 27. h3 Bf6 28. Nf3 Nc6 29. b5 Ne7 30. Qc7 Nf5 31. Qxb7 Rd8 32. Kh2 Nd4 33. Bc4 Nxf3+ 34. gxf3 Be5+ 35. Kg2 Kg7 36. Qxf7+ Kh6 37. Qxa7 Rd2+ 38. Kf1 Bd4 39. Qf7 Rf2+ 40. Ke1 Rc2 41. Qf4+ Kg7 42. Qxd4+ Kh6 43. b6 Rc1+ 44. Kd2 Rh1 45. b7 Rb1 46. Bb3 g5 47. b8=Q Kh5 48. Qg4+ Kh6 49. Qf8+ Kg6 50. Qf7+ Kh6 51. Qgh5# 1-0


[Site "https://www.chess.com"]

[Event "Titled Tuesday Blitz February 14 Late 2023"]
[White "Smith, Garrett L"]
[Black "Poliakova, Varvara"]
[WhiteFideId "2024829"]
[BlackFideId "13518313"]
[WhiteElo "2047"]
[BlackElo "2010"]
[Result "0-1"]
[Round "06"]
[TimeControl "180+2"]
[Date "2023.02.14"]
[WhiteClock "0:00:05"]
[BlackClock "0:00:39"]

1. e4 e5 2. Nf3 Nc6 3. Bc4 Bc5 4. b4 Bxb4 5. c3 Ba5 6. d4 exd4 7. O-O Nf6 8. cxd4 Nxe4 9. d5 Ne7 10. Bb2 d6 11. Qa4+ c6 12. dxc6 bxc6 13. Bxf7+ Kxf7 14. Qxe4 d5 15. Ng5+ Kg8 16. Qe5 Nf5 17. Ne6 Qf6 18. Qxf6 gxf6 19. Nf4 Kg7 20. Nh5+ Kg6 21. Nxf6 Ba6 22. Rc1 Rac8 23. Ng4 d4 24. Rxc6+ Rxc6 25. Ne5+ Kf6 26. Nxc6 Re8 27. Na3 Bc3 28. Bxc3 dxc3 29. Rc1 Re6 30. Nb4 Bb7 31. h3 Nd4 32. Kh2 Re2 33. Nc4 a5 34. Nd3 c2 35. Ne3 Be4 36. Ne1 Kg5 37. Kg3 Rxe3+ 38. fxe3 Ne2+ 0-1


[Site "https://www.chess.com"]

[Event "Titled Tuesday Blitz February 14 Late 2023"]
[White "Hartikainen, Jarmo"]
[Black "Klose, Eli"]
[WhiteFideId "503134"]
[BlackFideId "16242955"]
[WhiteElo "2108"]
[BlackElo "1519"]
[Result "0-1"]
[Round "06"]
[TimeControl "180+2"]
[Date "2023.02.14"]
[WhiteClock "0:00:23"]
[BlackClock "0:00:06"]

1. e4 e6 2. d4 d5 3. Nc3 Bb4 4. e5 Ne7 5. Qg4 Nf5 6. a3 Bxc3+ 7. bxc3 h5 8. Qf4 Nc6 9. Bd3 Nce7 10. Ne2 c5 11. a4 Qa5 12. O-O Bd7 13. Bd2 c4 14. Bxf5 Nxf5 15. Ng3 Ne7 16. Rfb1 h4 17. Nf1 Qc7 18. Ne3 Ng6 19. Qf3 Bc6 20. a5 O-O-O 21. Nd1 Rdf8 22. Nb2 f6 23. exf6 gxf6 24. Na4 e5 25. Qf5+ Qd7 26. Qxd7+ Kxd7 27. Nc5+ Kd6 28. Nxb7+ Bxb7 29. Rxb7 Rb8 30. Rab1 Rxb7 31. Rxb7 Ne7 32. Rxa7 Nc6 33. Ra6 Rb8 34. Rb6 Ra8 35. a6 Kc7 36. Rb7+ Kd6 37. Rf7 Ke6 38. Rh7 Rxa6 39. g4 Ra2 40. Rxh4 Rxc2 41. Be1 exd4 42. cxd4 Nxd4 43. Rh8 Nf3+ 44. Kf1 Rc1 45. Re8+ Kf7 46. Re2 d4 47. h3 d3 48. Re3 Nxe1 49. Rxe1 d2 0-1


[Site "https://www.chess.com"]

[Event "Titled Tuesday Blitz February 14 Late 2023"]
[White "Jeet, Jain"]
[Black "Maksimovic, Bojan"]
[WhiteFideId "5073022"]
[BlackFideId "14408120"]
[WhiteElo "2199"]
[BlackElo "2486"]
[Result "0-1"]
[Round "06"]
[TimeControl "180+2"]
[Date "2023.02.14"]
[WhiteClock "0:00:09"]
[BlackClock "0:00:29"]

1. d4 Nf6 2. Nf3 d6 3. Bf4 Nbd7 4. h3 g6 5. e3 Bg7 6. c4 O-O 7. Nc3 b6 8. Be2 Bb7 9. O-O Ne4 10. Nxe4 Bxe4 11. Nd2 Bb7 12. Bf3 Bxf3 13. Qxf3 c5 14. d5 Bxb2 15. Rab1 Bg7 16. a4 a6 17. e4 Rb8 18. Rb3 Ne5 19. Qe3 Qd7 20. Rfb1 Qxa4 21. Rxb6 Rxb6 22. Rxb6 Nxc4 23. Nxc4 Qxc4 24. Rb7 Bd4 25. Qf3 Bf6 26. Bxd6 exd6 27. Qxf6 Qxe4 28. Qxd6 Qe1+ 29. Kh2 Qxf2 30. Qxa6 Qf4+ 31. Kh1 Qc1+ 32. Kh2 Qf4+ 33. Kh1 Qd4 34. Qd6 c4 35. Rb8 Rxb8 36. Qxb8+ Kg7 37. d6 c3 38. Qc7 Qd1+ 39. Kh2 c2 40. d7 c1=Q 41. Qxc1 Qxc1 42. d8=Q Qf4+ 43. Kh1 Qe5 44. Qd3 h5 45. Qc4 g5 46. Kg1 h4 47. Kf2 f6 48. Kg1 Qe3+ 49. Kh1 Qe1+ 50. Kh2 Qe5+ 51. Kh1 Kg6 52. Qg4 Qe1+ 53. Kh2 Qe7 54. Qc4 Kf5 55. Qd3+ Qe4 56. Qd7+ Kf4 57. Qc7+ Qe5 58. Qc1+ Ke4+ 59. Kh1 Qd4 60. Qe1+ Kf4 61. Qe6 f5 62. Qe1 Qe3 63. Qf1+ Kg3 64. Qd1 f4 65. Qg4+ Kf2 66. Qxg5 Qe1+ 67. Kh2 Qg1# 0-1


[Site "https://www.chess.com"]